[Event "Titled Tuesday Blitz November 14 Early 2023"]
[White "Panchenko, Dmitry"]
[Black "Tikhonov, Viacheslav"]
[WhiteFideId "4169158"]
[BlackFideId "44196407"]
[WhiteElo "2745"]
[BlackElo "2596"]
[Result "1-0"]
[Round "7"]
[TimeControl "180+1"]
[Date "2023.11.14"]
[WhiteClock "0:00:08"]
[BlackClock "0:00:00"]
[Board "64"]

1. e4 c5 2. Nf3 g6 3. d4 cxd4 4. Nxd4 Nc6 5. Nc3 Bg7 6. Be3 Nf6 7. Nxc6 bxc6 8. e5 Nd5 9. Nxd5 cxd5 10. Qxd5 Rb8 11. O-O-O Bb7 12. Qc5 Bc6 13. f4 O-O 14. h4 Re8 15. h5 Qc7 16. h6 Bh8 17. b3 d6 18. Qxa7 Rb7 19. Qd4 dxe5 20. Qd2 Ra8 21. Kb1 Rbb8 22. Bc4 Ra3 23. f5 gxf5 24. Bc5 Raa8 25. Qg5+ Kf8 26. Qxf5 Be8 27. Qxh7 Bf6 28. Qf5 Kg8 29. h7+ Kh8 30. Bd6 Qa5 31. a3 Qb6 32. Bxb8 Rxa3 33. Qg4 Bg7 34. Qxg7+ Kxg7 35. h8=Q+ Kg6 36. Qh6+ Kf5 37. Qxb6 1-0


[Site "https://www.chess.com"]

[Event "Titled Tuesday Blitz November 14 Early 2023"]
[White "Hambleton, Aman"]
[Black "aghasiyevkamal"]
[WhiteFideId "2606577"]
[WhiteElo "2736"]
[BlackElo "2575"]
[Result "0-1"]
[Round "7"]
[TimeControl "180+1"]
[Date "2023.11.14"]
[WhiteClock "0:00:00"]
[BlackClock "0:00:24"]
[Board "65"]

1. d4 d5 2. Bf4 Nf6 3. e3 e6 4. Nf3 Bd6 5. Nbd2 O-O 6. Bd3 b6 7. O-O Ba6 8. Bxa6 Nxa6 9. Bxd6 cxd6 10. a4 Nb4 11. c3 Nc6 12. Qe2 e5 13. Qb5 Qc7 14. Rfc1 a6 15. Qe2 Qe7 16. h3 Rfc8 17. Qf1 Na5 18. Qd1 e4 19. Nh2 Nc4 20. Nxc4 dxc4 21. b3 Nd5 22. Nf1 Qe6 23. Nd2 b5 24. axb5 axb5 25. Rxa8 Rxa8 26. bxc4 bxc4 27. Nxc4 Rc8 28. Nd2 Nxc3 29. Rxc3 Rxc3 30. Nf1 Qc4 31. Qa1 h6 32. Qa8+ Kh7 33. Qa5 Rc1 34. Qf5+ g6 35. Qf6 Rxf1+ 36. Kh2 Qe6 37. Qxe6 fxe6 0-1


[Site "https://www.chess.com"]

[Event "Titled Tuesday Blitz November 14 Early 2023"]
[White "Csonka, Balazs"]
[Black "Lund, Gunnar"]
[WhiteFideId "742910"]
[BlackFideId "1520814"]
[WhiteElo "2729"]
[BlackElo "2561"]
[Result "1-0"]
[Round "7"]
[TimeControl "180+1"]
[Date "2023.11.14"]
[WhiteClock "0:00:03"]
[BlackClock "0:00:55"]
[Board "66"]

1. d4 d6 2. e4 Nf6 3. Nc3 e5 4. Nge2 exd4 5. Nxd4 Be7 6. g3 O-O 7. Bg2 Nbd7 8. O-O Nc5 9. a4 a5 10. b3 Re8 11. Bb2 Bf8 12. Re1 g6 13. Qd2 Bg7 14. h3 c6 15. Rad1 Qc7 16. Kh2 Bd7 17. f4 Rad8 18. Qf2 Bc8 19. Ba3 Nfd7 20. Nb1 Nb8 21. Nd2 Nba6 22. Nc4 Nb4 23. Qd2 Bxd4 24. Bxb4 axb4 25. Qxd4 Re6 26. f5 Ree8 27. Nxd6 b6 28. Nxe8 Rxe8 29. Qd6 Qxd6 30. Rxd6 gxf5 31. Rxc6 fxe4 32. Rxb6 Bf5 33. Rxb4 Rc8 34. Rc4 Be6 35. Rc3 f5 36. b4 Nxa4 37. Rxc8+ Bxc8 38. g4 fxg4 39. Rxe4 gxh3 40. Re8+ Kf7 41. Rxc8 hxg2 42. Kxg2 Nb6 43. Rc6 Nd5 44. b5 Ke7 45. c4 Nb4 46. Rc7+ Kd8 47. b6 Na6 48. Rxh7 Kc8 49. Kf3 Nc5 50. Ke3 Ne6 51. Rh6 Ng5 52. Kd4 Nf7 53. Rf6 Ng5 54. Kd5 Kb8 55. c5 Nh7 56. Rf7 Ng5 57. Rf8+ Kb7 58. Kc4 Ne4 59. Rf7+ Kc8 60. Rc7+ Kb8 61. Kb5 Nc3+ 62. Kc6 Ne4 63. Re7 Nf6 64. Re6 Nd7 65. Re8# 1-0


[Site "https://www.chess.com"]

[Event "Titled Tuesday Blitz November 14 Early 2023"]
[White "djokovic74"]
[Black "Grunberg, Mihai-Lucian"]
[BlackFideId "1204149"]
[WhiteElo "2724"]
[BlackElo "2555"]
[Result "1-0"]
[Round "7"]
[TimeControl "180+1"]
[Date "2023.11.14"]
[WhiteClock "0:00:32"]
[BlackClock "0:00:55"]
[Board "67"]

1. e4 c5 2. Nf3 Nc6 3. d4 cxd4 4. Nxd4 e6 5. Nc3 Nf6 6. Ndb5 a6 7. Nd6+ Bxd6 8. Qxd6 Qe7 9. Bf4 e5 10. Qxe7+ Kxe7 11. Bg5 d6 12. Nd5+ Kf8 13. Nxf6 gxf6 14. Bxf6 Rg8 15. O-O-O Rg6 16. Rxd6 Be6 17. Bh4 Rg4 18. Bg3 Rxe4 19. Rd1 Rc8 20. Bd3 Ra4 21. a3 e4 22. b3 Rxa3 23. Bd6+ Kg7 24. Bxa3 exd3 25. Rxd3 Bf5 26. Rg3+ Kh6 27. Rd1 Ne5 28. c4 b5 29. Rd5 f6 30. f4 Be4 31. Rd4 1-0


[Site "https://www.chess.com"]

[Event "Titled Tuesday Blitz November 14 Early 2023"]
[White "Reprintsev, Alexander"]
[Black "Tristan, Leonardo"]
[WhiteFideId "14100541"]
[BlackFideId "113816"]
[WhiteElo "2552"]
[BlackElo "2721"]
[Result "0-1"]
[Round "7"]
[TimeControl "180+1"]
[Date "2023.11.14"]
[WhiteClock "0:00:13"]
[BlackClock "0:00:08"]
[Board "68"]

1. e4 d5 2. exd5 Qxd5 3. Nc3 Qa5 4. b4 Qxb4 5. Rb1 Qd6 6. Nf3 Nf6 7. d4 e6 8. Ne5 Be7 9. Bf4 Qd8 10. Bd3 Nbd7 11. Qf3 Nxe5 12. Bxe5 c6 13. O-O O-O 14. Rb3 Nd5 15. Bxh7+ Kxh7 16. Qh5+ Kg8 17. Ne4 f6 18. Rh3 fxe5 19. Qh7+ Kf7 20. Qh5+ g6 21. Qh7+ Ke8 22. Qxg6+ Kd7 23. dxe5 Nf4 24. Rd1+ Kc7 25. Rxd8 Nxg6 26. Rxf8 Bxf8 27. f4 Nxf4 28. Rf3 Bh6 29. Rh3 Ne2+ 30. Kf2 Bf4 31. Kxe2 Bxe5 32. Rh5 Bb2 33. c3 e5 34. Rh7+ Kb6 35. Rf7 Be6 36. Re7 Bc4+ 37. Kd2 Rd8+ 38. Kc2 Bd3+ 39. Kxb2 Bxe4 40. g4 Rd2+ 41. Ka3 Rxh2 42. Rxe5 Bd5 43. c4 Bxc4 44. Kb4 Bxa2 0-1


[Site "https://www.chess.com"]

[Event "Titled Tuesday Blitz November 14 Early 2023"]
[White "Yaksin, Oleg"]
[Black "Begmuratov, Alisher"]
[WhiteFideId "24105880"]
[BlackFideId "14203367"]
[WhiteElo "2544"]
[BlackElo "2713"]
[Result "0-1"]
[Round "7"]
[TimeControl "180+1"]
[Date "2023.11.14"]
[WhiteClock "0:00:05"]
[BlackClock "0:02:08"]
[Board "69"]

1. d4 Nf6 2. c4 e6 3. g3 Bb4+ 4. Bd2 Qe7 5. Bg2 Nc6 6. Nf3 Bxd2+ 7. Nbxd2 d6 8. O-O e5 9. d5 Nb8 10. e4 a5 11. Ne1 h5 12. h4 Na6 13. Nd3 O-O 14. Qe2 b6 15. f4 Bg4 16. Qe3 Nd7 17. Bf3 exf4 18. Qxf4 Bxf3 19. Nxf3 Nac5 20. Nxc5 Nxc5 21. e5 Nd3 22. exd6 cxd6 23. Qd4 Nc5 24. Rae1 Qd7 25. Ng5 Rae8 26. Rxe8 Qxe8 27. Qf2 f6 28. Re1 Qc8 29. Ne6 Nd3 30. Qe3 Nxe1 31. Nxf8 Kxf8 32. Qxe1 Qxc4 33. Qe6 Qc1+ 34. Kg2 Qxb2+ 35. Kh3 Qe5 36. Qc8+ Kf7 37. Qb7+ Kg6 38. Qc6 a4 39. Qxa4 Qxd5 40. a3 Qh1# 0-1


[Site "https://www.chess.com"]

[Event "Titled Tuesday Blitz November 14 Early 2023"]
[White "Krivonosov, Oleg"]
[Black "Pourkashiyan, Atousa"]
[WhiteFideId "11600349"]
[BlackFideId "12502014"]
[WhiteElo "2712"]
[BlackElo "2525"]
[Result "1/2-1/2"]
[Round "7"]
[TimeControl "180+1"]
[Date "2023.11.14"]
[WhiteClock "0:00:29"]
[BlackClock "0:00:17"]
[Board "70"]

1. Nf3 d5 2. d4 Nf6 3. c4 e6 4. g3 dxc4 5. Qa4+ Bd7 6. Qxc4 Bc6 7. Bg2 Nbd7 8. Nc3 Bd6 9. O-O O-O 10. Bg5 h6 11. Bxf6 Nxf6 12. Rfd1 Ne4 13. Nxe4 Bxe4 14. Ne5 Bxg2 15. Kxg2 Bxe5 16. dxe5 Qe7 17. Rac1 Rac8 18. Rd4 Rfd8 19. Rcd1 a6 20. f4 Rxd4 21. Qxd4 Qe8 22. Kf2 Qb5 23. b3 Kf8 24. h4 Ke8 25. h5 Qb6 26. Ke3 Qxd4+ 27. Rxd4 Rd8 28. Rc4 c6 29. Rc1 Rd5 30. g4 Kd7 31. Rg1 Ke7 32. a4 b6 33. g5 hxg5 34. Rxg5 Kf8 35. Rg1 c5 36. Rb1 Rd4 37. a5 bxa5 38. Ra1 Rb4 39. Rxa5 Rxb3+ 40. Ke4 Rb4+ 41. Ke3 Rb3+ 42. Ke4 Rb4+ 43. Kf3 Rb3+ 44. e3 c4 45. Rxa6 Rc3 46. Ra8+ Ke7 47. Rg8 Rc1 48. Ke4 c3 49. Rc8 Rh1 50. Rc7+ Kf8 51. Rxc3 Rxh5 52. Rc8+ Ke7 53. Rc7+ Kf8 54. Kd4 g6 55. Rc8+ Ke7 56. Rc1 Rh2 57. Ke4 Rd2 58. Kf3 Rd7 59. Rc6 Kf8 60. Kg4 Kg7 61. Rc3 Rb7 62. e4 Rb4 63. Kf3 Rb1 64. Rc7 Rb3+ 65. Kf2 Rb2+ 66. Ke3 Rb3+ 67. Kf2 Rb2+ 68. Ke3 Rb3+ 69. Kf2 1/2-1/2


[Site "https://www.chess.com"]

[Event "Titled Tuesday Blitz November 14 Early 2023"]
[White "Martinez Ramirez, Lennis"]
[Black "Chernomordik, Pavel"]
[WhiteFideId "3509079"]
[BlackFideId "2804530"]
[WhiteElo "2699"]
[BlackElo "2523"]
[Result "0-1"]
[Round "7"]
[TimeControl "180+1"]
[Date "2023.11.14"]
[WhiteClock "0:01:10"]
[BlackClock "0:00:19"]
[Board "71"]

1. e4 g6 2. d4 Bg7 3. Nc3 d6 4. Bg5 h6 5. Be3 a6 6. Qd2 b5 7. Bd3 Bb7 8. a4 b4 9. Nce2 a5 10. Ng3 Nd7 11. f4 c5 12. c3 bxc3 13. bxc3 Qc7 14. Nf3 Nb6 15. d5 Nf6 16. Bb5+ Nbd7 17. c4 Nxe4 18. Nxe4 Bxa1 19. f5 Bg7 20. fxg6 fxg6 21. Nh4 O-O 22. Bg5 hxg5 23. Qxg5 Ne5 24. Nxg6 Nxg6 25. Qxg6 Bc8 26. Rf1 Qd8 27. Ng5 Rxf1+ 28. Ke2 Rf6 29. Qh7+ Kf8 30. Qh5 Bf5 31. g4 Bg6 32. Qh3 Kg8 33. Qe3 Qf8 34. h4 e5 35. dxe6 Qe7 36. h5 Bb1 37. Bc6 Raf8 38. Bd5 Rf2+ 39. Ke1 Rf1+ 40. Kd2 R8f2+ 41. Qxf2 Rxf2+ 42. Ke3 Bd4# 0-1


[Site "https://www.chess.com"]

[Event "Titled Tuesday Blitz November 14 Early 2023"]
[White "Finek, Vaclav"]
[Black "Jovic, Stanoje"]
[WhiteFideId "23718293"]
[BlackFideId "905020"]
[WhiteElo "2698"]
[BlackElo "2520"]
[Result "1-0"]
[Round "7"]
[TimeControl "180+1"]
[Date "2023.11.14"]
[WhiteClock "0:00:10"]
[BlackClock "0:00:00"]
[Board "72"]

1. d4 Nf6 2. c4 e6 3. g3 d5 4. Bg2 Bb4+ 5. Bd2 Be7 6. Nf3 O-O 7. O-O c6 8. Bc3 dxc4 9. Ne5 b5 10. b3 cxb3 11. axb3 Nd5 12. Ba5 Qe8 13. Qc2 Bb7 14. e4 Nb6 15. Nd3 N8d7 16. Nc5 Nxc5 17. dxc5 Nd7 18. b4 Bf6 19. Ra3 Ne5 20. Nd2 Bd8 21. f4 Bxa5 22. Rxa5 Ng4 23. Qc3 e5 24. h3 Nf6 25. Qxe5 Qxe5 26. fxe5 Nd7 27. e6 fxe6 28. Rxf8+ Kxf8 29. Nf3 h6 30. h4 a6 31. e5 Ke7 32. Kf2 Rf8 33. Ke3 g5 34. hxg5 hxg5 35. Bh3 Rg8 36. Bg4 Rh8 37. Ra1 Bc8 38. Rd1 a5 39. bxa5 Nxc5 40. Rd6 Bb7 41. Nxg5 Rg8 42. Kf4 Rf8+ 43. Ke3 Rg8 44. Nxe6 Nxe6 45. Rxe6+ Kf7 46. Rf6+ Ke7 47. Kf4 b4 48. Be6 Rf8 49. Rxf8 Kxf8 50. Bc4 Ke7 51. a6 Ba8 52. g4 c5 53. g5 Bc6 54. g6 Kf8 55. e6 Kg7 56. Kg5 Be4 57. a7 Bc6 58. e7 1-0


[Site "https://www.chess.com"]

[Event "Titled Tuesday Blitz November 14 Early 2023"]
[White "Kanyamarala, Tarun"]
[Black "Danielyan, Vahe"]
[WhiteFideId "45004714"]
[BlackFideId "13304828"]
[WhiteElo "2504"]
[BlackElo "2697"]
[Result "0-1"]
[Round "7"]
[TimeControl "180+1"]
[Date "2023.11.14"]
[WhiteClock "0:00:07"]
[BlackClock "0:00:14"]
[Board "73"]

1. d4 Nf6 2. c4 g6 3. Nc3 Bg7 4. e4 d6 5. Be2 Nbd7 6. Be3 e5 7. d5 Nc5 8. Qc2 a5 9. Nf3 O-O 10. Nd2 Ng4 11. Bxg4 Bxg4 12. f3 Bd7 13. O-O f5 14. exf5 gxf5 15. Rae1 b6 16. Ne2 Qe8 17. Nc1 Qg6 18. Bf2 Rae8 19. b3 e4 20. Bxc5 bxc5 21. fxe4 fxe4 22. Rxf8+ Rxf8 23. Ne2 Bf5 24. Nf1 Bd4+ 25. Kh1 e3 26. Qd1 Be4 27. Nfg3 Rf2 28. Rg1 Bd3 29. Nc1 Bc2 30. Qe1 h5 31. Qxa5 h4 32. Nge2 h3 33. gxh3 Be4+ 0-1


[Site "https://www.chess.com"]

[Event "Titled Tuesday Blitz November 14 Early 2023"]
[White "Hasangatin, Ramil"]
[Black "Makaraci, Tunahan"]
[WhiteFideId "4122160"]
[BlackFideId "6356559"]
[WhiteElo "2679"]
[BlackElo "2477"]
[Result "1-0"]
[Round "7"]
[TimeControl "180+1"]
[Date "2023.11.14"]
[WhiteClock "0:01:32"]
[BlackClock "0:00:00"]
[Board "74"]

1. e4 c5 2. Nf3 Nc6 3. Bb5 d6 4. d4 cxd4 5. Qxd4 Bd7 6. Bxc6 Bxc6 7. Nc3 Nf6 8. Bg5 e6 9. O-O-O Be7 10. Rhe1 O-O 11. Qd2 h6 12. Bf4 e5 13. Bg3 b5 14. Bh4 b4 15. Bxf6 Bxf6 16. Nd5 Bxd5 17. Qxd5 Qb6 18. Re2 Rfd8 19. Kb1 Rac8 20. Qb3 a5 21. Rd5 Rc5 22. Red2 Rxd5 23. Qxd5 a4 24. Qd3 Qc6 25. Qd5 Qb6 26. Qd3 Qc6 27. h4 h5 28. g3 g6 29. Nh2 Kg7 30. Nf1 b3 31. Ne3 bxa2+ 32. Kxa2 Be7 33. Nd5 Bf8 34. Qc3 Qb5 35. Qb4 Qc6 36. c4 Rc8 37. Rc2 Ra8 38. Qb5 Qxb5 39. cxb5 Rb8 40. b6 f5 41. Rc7+ Kh6 42. b7 1-0


[Site "https://www.chess.com"]

[Event "Titled Tuesday Blitz November 14 Early 2023"]
[White "Arhan_Anand"]
[Black "Remolar Gallen, Jose"]
[BlackFideId "2215187"]
[WhiteElo "2656"]
[BlackElo "2457"]
[Result "0-1"]
[Round "7"]
[TimeControl "180+1"]
[Date "2023.11.14"]
[WhiteClock "0:01:37"]
[BlackClock "0:00:38"]
[Board "75"]

1. b3 e5 2. Bb2 Nc6 3. e3 Nf6 4. c4 d5 5. cxd5 Nxd5 6. Nf3 Bd6 7. a3 O-O 8. Qc2 Bg4 9. Bd3 h6 10. Nc3 Nxc3 11. Bxc3 Qd7 12. h3 Be6 13. O-O f5 14. Bb5 a6 15. Bxc6 Qxc6 16. Qb2 Bd5 17. Bxe5 Bxf3 18. Bxd6 cxd6 19. Rfc1 Qd5 20. Rc7 Rf6 21. gxf3 Rg6+ 22. Kh2 Qxf3 0-1


[Site "https://www.chess.com"]

[Event "Titled Tuesday Blitz November 14 Early 2023"]
[White "Begunov, Konstantin"]
[Black "Hristodoulou, Panagiotis"]
[WhiteFideId "4118510"]
[BlackFideId "4214340"]
[WhiteElo "2450"]
[BlackElo "2644"]
[Result "0-1"]
[Round "7"]
[TimeControl "180+1"]
[Date "2023.11.14"]
[WhiteClock "0:00:03"]
[BlackClock "0:00:06"]
[Board "76"]

1. d4 Nf6 2. c4 e6 3. Nf3 Bb4+ 4. Nbd2 b6 5. a3 Bxd2+ 6. Bxd2 Bb7 7. Bg5 d6 8. e3 Nbd7 9. Be2 h6 10. Bh4 O-O 11. O-O Qe8 12. b4 e5 13. Qc2 Be4 14. Qc3 Qe6 15. d5 Qe8 16. Nd2 Bh7 17. f3 Rc8 18. a4 c6 19. dxc6 Rxc6 20. Rac1 d5 21. Qb3 d4 22. exd4 exd4 23. Rfe1 Re6 24. Bd3 Re3 25. Bxh7+ Nxh7 26. Qb2 Qe5 27. Bf2 Rxe1+ 28. Rxe1 Qf5 29. Qxd4 Ndf6 30. c5 bxc5 31. bxc5 Ng5 32. Rc1 Ne6 33. Qc4 Rd8 34. Ne4 Nxe4 35. Qxe4 Qg5 36. Be3 Qh5 37. c6 Qa5 38. Qc4 Rc8 39. Qb5 Qd8 40. Bxa7 Qd2 41. Qc4 Nf4 42. Qc2 Qxc1+ 43. Qxc1 Ne2+ 44. Kf2 Nxc1 45. a5 Rxc6 46. Be3 Nb3 47. Bb6 Rc4 48. Ke3 Ra4 49. Kd3 Nxa5 50. Bd4 Nc6 51. Kc3 Rxd4 0-1


[Site "https://www.chess.com"]

[Event "Titled Tuesday Blitz November 14 Early 2023"]
[White "Adla, Diego"]
[Black "Jamal-Jamal-Jamal"]
[WhiteFideId "100072"]
[WhiteElo "2642"]
[BlackElo "2429"]
[Result "0-1"]
[Round "7"]
[TimeControl "180+1"]
[Date "2023.11.14"]
[WhiteClock "0:00:13"]
[BlackClock "0:00:51"]
[Board "77"]

1. e4 c5 2. Nf3 e6 3. d3 Nc6 4. g3 Nf6 5. Bg2 d6 6. O-O Be7 7. c3 O-O 8. a4 Bd7 9. Na3 Rc8 10. Re1 Qc7 11. Nc4 a6 12. a5 Ne5 13. Nfxe5 dxe5 14. f4 exf4 15. Bxf4 Qd8 16. Nb6 Rc6 17. e5 Nd5 18. Nxd5 exd5 19. Bxd5 Bg4 20. Bf3 Bxf3 21. Qxf3 Qd7 22. Rad1 Rd8 23. d4 cxd4 24. Rxd4 Bc5 25. Rd1 Bxd4+ 26. Rxd4 Qe7 27. h4 h6 28. Qe4 Rcc8 29. Qd3 Qc5 30. Kh1 Qxa5 31. e6 fxe6 32. Qe4 Qf5 33. Qxb7 Kh7 34. Rd7 Rxd7 35. Qxd7 Qd5+ 36. Qxd5 exd5 37. Be5 Kg6 38. b4 Re8 39. Bd4 Re7 40. Kg2 Kf5 41. Kf3 h5 42. Bc5 Re8 43. Bd4 g6 44. Bg7 Re4 45. Bd4 Ke6 46. Bg7 Kd7 47. Bh8 Kc6 48. Bg7 Kb5 49. Bf6 Kc4 50. Bg7 Rg4 51. Be5 g5 52. hxg5 Rxg5 53. Bh8 Rg4 54. Be5 Re4 55. Bg7 h4 56. gxh4 Rxh4 57. Ke3 Rh3+ 58. Kd2 Rh2+ 59. Kc1 Kb3 60. Bd4 Rc2+ 61. Kb1 Rxc3 0-1


[Site "https://www.chess.com"]

[Event "Titled Tuesday Blitz November 14 Early 2023"]
[White "Stark, Lars"]
[Black "Bommini Mounika Akshaya"]
[WhiteFideId "4676386"]
[BlackFideId "25019872"]
[WhiteElo "2622"]
[BlackElo "2322"]
[Result "1-0"]
[Round "7"]
[TimeControl "180+1"]
[Date "2023.11.14"]
[WhiteClock "0:00:24"]
[BlackClock "0:00:00"]
[Board "78"]

1. c4 e5 2. g3 c6 3. Bg2 d5 4. Qa4 dxc4 5. Qxc4 Nd7 6. Nf3 Ngf6 7. d3 Nb6 8. Qc2 Bd6 9. O-O O-O 10. Nbd2 Bf5 11. Nh4 Be6 12. Re1 Qd7 13. b3 Bh3 14. Bh1 Ng4 15. Nhf3 Rad8 16. Bb2 h6 17. a3 f5 18. b4 Nd5 19. Rac1 f4 20. Ne4 fxg3 21. hxg3 Bc7 22. Nc5 Qe7 23. Qc4 Qf7 24. Nxb7 Bb6 25. Nc5 Rde8 26. e4 Ne7 27. Qxf7+ Rxf7 28. Nxe5 Rxf2 29. Bd4 Ra2 30. Ra1 Rxa1 31. Rxa1 Nxe5 32. Bxe5 Ng6 33. Bd6 Rd8 34. e5 Nf8 35. Bxc6 Ne6 36. Kh2 Bf5 37. Bd5 Bxc5 38. bxc5 Kh7 39. Rd1 Nd4 40. c6 Rc8 41. c7 Bg4 42. Rc1 Nf3+ 43. Kg2 Ng5 44. Bb7 1-0


[Site "https://www.chess.com"]

[Event "Titled Tuesday Blitz November 14 Early 2023"]
[White "FoxOnTheRun97"]
[Black "ilya2700"]
[WhiteElo "2621"]
[BlackElo "2286"]
[Result "1-0"]
[Round "7"]
[TimeControl "180+1"]
[Date "2023.11.14"]
[WhiteClock "0:00:10"]
[BlackClock "0:00:00"]
[Board "79"]

1. d4 d5 2. Bf4 e6 3. e3 Nf6 4. Nf3 Bd6 5. Nbd2 O-O 6. Bd3 c5 7. c3 Nc6 8. Ne5 Qc7 9. Ndf3 b6 10. h4 Ne4 11. Nxc6 Qxc6 12. Bxd6 Qxd6 13. Ng5 Bb7 14. dxc5 Qxc5 15. Qc2 Rad8 16. Nxe4 dxe4 17. Bxe4 Bxe4 18. Qxe4 Qb5 19. Qc2 Rd7 20. Qe2 Qa4 21. O-O Qxh4 22. Rfd1 Rfd8 23. Rxd7 Rxd7 24. Rd1 Qd8 25. Rxd7 Qxd7 26. g3 h6 27. b3 Qd6 28. c4 a5 29. Qf3 g6 30. Kg2 Kg7 31. Qe4 Kg8 32. Qb1 Qc6+ 33. Kg1 Qf3 34. a3 Qe2 35. Qc1 Qd3 36. b4 axb4 37. axb4 Qb3 38. c5 bxc5 39. bxc5 Qb7 40. c6 Qc7 41. Qc5 f6 42. Qb5 Qd6 43. Qa4 Qc7 44. Qa8+ Kf7 45. Qb7 Qe7 46. c7 1-0


[Site "https://www.chess.com"]

[Event "Titled Tuesday Blitz November 14 Early 2023"]
[White "Sousa, Andre Ventura"]
[Black "Suduvasachmatai"]
[WhiteFideId "1917617"]
[WhiteElo "2616"]
[BlackElo "2236"]
[Result "1-0"]
[Round "7"]
[TimeControl "180+1"]
[Date "2023.11.14"]
[WhiteClock "0:01:32"]
[BlackClock "0:00:16"]
[Board "80"]

1. e4 c5 2. Nf3 d6 3. d4 cxd4 4. Nxd4 Nf6 5. Nc3 a6 6. h3 e6 7. g4 Be7 8. Bg2 Nc6 9. Be3 h6 10. Qd2 Bd7 11. O-O-O Ne5 12. Qe2 Rc8 13. Kb1 b5 14. f4 Nc4 15. f5 e5 16. Nb3 Qc7 17. Bc1 a5 18. h4 a4 19. g5 Ng8 20. Nd5 Qa7 21. Nd2 Nxd2+ 22. Bxd2 Qc5 23. Bb4 Qc4 24. Qd2 Bc6 25. Nxe7 Nxe7 26. Qxd6 Ng8 27. Qf8# 1-0


[Site "https://www.chess.com"]

[Event "Titled Tuesday Blitz November 14 Early 2023"]
[White "Tifferet, Shaked"]
[Black "Weetik, Vjacheslav"]
[WhiteFideId "2811529"]
[BlackFideId "4153472"]
[WhiteElo "2526"]
[BlackElo "2807"]
[Result "0-1"]
[Round "7"]
[TimeControl "180+1"]
[Date "2023.11.14"]
[WhiteClock "0:00:17"]
[BlackClock "0:00:23"]
[Board "81"]

1. e4 c6 2. Nf3 d5 3. Nc3 dxe4 4. Nxe4 Nf6 5. Qe2 Nxe4 6. Qxe4 Nd7 7. Bc4 Nf6 8. Ne5 e6 9. Qe2 b5 10. Bd3 Qc7 11. O-O Bd6 12. f4 O-O 13. Rf3 g6 14. b3 Nd5 15. Bb2 Bb7 16. Rh3 Nxf4 17. Qe3 Nxh3+ 18. gxh3 Qb6 19. Bd4 c5 20. Nd7 cxd4 21. Nf6+ Kg7 22. Nh5+ Kh8 23. Qh6 Rg8 24. Nf6 Rg7 25. Rf1 Be7 26. Ng4 Qc6 27. Kf2 f5 28. Ne5 Qg2+ 29. Ke1 Bg5 30. Nxg6+ Rxg6 31. Qh5 Qxd2# 0-1


[Site "https://www.chess.com"]

[Event "Titled Tuesday Blitz November 14 Early 2023"]
[White "Gharibyan, Mamikon"]
[Black "Manukian, Artak"]
[WhiteFideId "13308300"]
[BlackFideId "13301373"]
[WhiteElo "2786"]
[BlackElo "2525"]
[Result "1-0"]
[Round "7"]
[TimeControl "180+1"]
[Date "2023.11.14"]
[WhiteClock "0:01:42"]
[BlackClock "0:01:35"]
[Board "82"]

1. b3 a5 2. Nc3 d5 3. e3 e5 4. Bb2 Nf6 5. Nf3 Bd6 6. Nb5 Nbd7 7. Nxd6+ cxd6 8. a4 O-O 9. Be2 Nc5 10. d4 exd4 11. Nxd4 Nce4 12. O-O Re8 13. Re1 Qe7 14. f3 Nc3 15. Qd2 Nxe2+ 16. Qxe2 Bd7 17. Qf2 Rac8 18. Qh4 h6 19. Re2 Nh7 20. Qg3 Ng5 21. h4 Ne6 22. Nf5 Qf8 23. Nxd6 d4 24. Nxc8 Rxc8 25. exd4 Bc6 26. c4 1-0


[Site "https://www.chess.com"]

[Event "Titled Tuesday Blitz November 14 Early 2023"]
[White "Rosen, Eric"]
[Black "TimGrutter03"]
[WhiteFideId "2032562"]
[WhiteElo "2767"]
[BlackElo "2522"]
[Result "1-0"]
[Round "7"]
[TimeControl "180+1"]
[Date "2023.11.14"]
[WhiteClock "0:00:06"]
[BlackClock "0:00:00"]
[Board "83"]

1. e4 c6 2. d4 d5 3. Nc3 dxe4 4. Nxe4 Nf6 5. Nxf6+ exf6 6. Be3 Bd6 7. Bd3 O-O 8. Ne2 Nd7 9. O-O Re8 10. Qd2 Nf8 11. c4 Ng6 12. Rae1 Bg4 13. h3 Bd7 14. a3 f5 15. f4 a5 16. g3 Qc7 17. h4 Re7 18. Bf2 c5 19. d5 Rae8 20. Nc3 b6 21. Qc2 Qc8 22. Rxe7 Nxe7 23. Re1 g6 24. h5 Kf8 25. Qb3 Qc7 26. Nb5 Bxb5 27. Qxb5 Rb8 28. Qb3 Ng8 29. Qc3 f6 30. Re6 Re8 31. Rxf6+ Nxf6 32. Qxf6+ Kg8 33. hxg6 Bf8 34. Bxf5 Qg7 35. gxh7+ Kh8 36. Qxg7+ Bxg7 37. b3 Rd8 38. Kg2 Bf6 39. g4 Bd4 40. Bxd4+ cxd4 41. Kf3 Re8 42. d6 d3 43. Bxd3 Rd8 44. g5 Rxd6 45. Be4 Rd1 46. g6 Rf1+ 47. Ke3 Ra1 48. a4 Ra3 49. Bc2 Ra2 50. Kd2 Ra1 51. f5 Rf1 52. Kc3 Kg7 53. Bd3 Rf4 54. Kd2 Rf2+ 55. Ke3 Rb2 56. f6+ 1-0


[Site "https://www.chess.com"]

[Event "Titled Tuesday Blitz November 14 Early 2023"]
[White "Hayrapetyan, Hovik"]
[Black "Pinto, Daniel"]
[WhiteFideId "13302639"]
[BlackFideId "3303144"]
[WhiteElo "2723"]
[BlackElo "2520"]
[Result "1-0"]
[Round "7"]
[TimeControl "180+1"]
[Date "2023.11.14"]
[WhiteClock "0:00:11"]
[BlackClock "0:00:00"]
[Board "84"]

1. d4 Nf6 2. c4 c5 3. d5 d6 4. Nc3 g6 5. e4 Bg7 6. Nf3 O-O 7. h3 e6 8. Bd3 exd5 9. cxd5 b5 10. O-O b4 11. Ne2 Re8 12. Ng3 Ba6 13. Bxa6 Nxa6 14. Qd3 Qb6 15. Be3 Nd7 16. Qc2 Nc7 17. Rae1 a5 18. Nd2 Nb5 19. Nc4 Qa6 20. f4 Nd4 21. Bxd4 Bxd4+ 22. Kh2 f6 23. e5 dxe5 24. f5 g5 25. Ne4 Rf8 26. h4 h6 27. hxg5 hxg5 28. Kg3 Kg7 29. Rh1 Rh8 30. Qc1 Qb7 31. Nxg5 Qxd5 32. Ne6+ Kf7 33. Re4 Rag8+ 34. Kf3 Rxh1 35. Qxh1 Rg3+ 36. Kxg3 Qxe4 37. Nd6+ Ke7 38. Nxe4 1-0


[Site "https://www.chess.com"]

[Event "Titled Tuesday Blitz November 14 Early 2023"]
[White "Rietze, Clemens, Dr."]
[Black "Chinguun, Sumiya"]
[WhiteFideId "24620351"]
[BlackFideId "4902572"]
[WhiteElo "2516"]
[BlackElo "2698"]
[Result "0-1"]
[Round "7"]
[TimeControl "180+1"]
[Date "2023.11.14"]
[WhiteClock "0:00:12"]
[BlackClock "0:02:06"]
[Board "85"]

1. d4 Nf6 2. c4 g6 3. f3 Bg7 4. e4 O-O 5. Nc3 d6 6. Be3 c5 7. Nge2 cxd4 8. Nxd4 Nc6 9. Nc2 Be6 10. Qd2 Rc8 11. Rc1 Qa5 12. Be2 Nd7 13. Nd1 Qxd2+ 14. Kxd2 a5 15. b3 Nb4 16. Nd4 Nxa2 17. Ra1 Nb4 18. Rxa5 Nc5 19. Rb5 Nc6 20. Nc2 Rfd8 21. Nc3 Bd7 22. Nd5 Na7 23. Nxe7+ Kf8 24. Nxc8 Nxb5 25. cxb5 Nxb3+ 26. Ke1 Rxc8 27. Na3 Nd4 28. Bd3 Rc3 0-1


[Site "https://www.chess.com"]

[Event "Titled Tuesday Blitz November 14 Early 2023"]
[White "Djokic, Mihailo"]
[Black "Erzhanov, Arman"]
[WhiteFideId "976440"]
[BlackFideId "4138821"]
[WhiteElo "2696"]
[BlackElo "2508"]
[Result "1-0"]
[Round "7"]
[TimeControl "180+1"]
[Date "2023.11.14"]
[WhiteClock "0:01:02"]
[BlackClock "0:00:34"]
[Board "86"]

1. e4 c5 2. Nf3 Nc6 3. d4 cxd4 4. Nxd4 Nf6 5. Nc3 e5 6. Ndb5 d6 7. Bg5 a6 8. Bxf6 gxf6 9. Na3 b5 10. Nd5 Bg7 11. c3 Ne7 12. Nxe7 Qxe7 13. Nc2 f5 14. exf5 Bxf5 15. Ne3 Be6 16. a4 O-O 17. axb5 axb5 18. Rxa8 Rxa8 19. Bxb5 Qb7 20. Bd3 Qxb2 21. O-O Qxc3 22. Be4 Rd8 23. Qh5 h6 24. Bd5 Qd4 25. Rd1 Qf4 26. h4 Rf8 27. g3 Qf6 28. Be4 Qe7 29. Nf5 Bxf5 30. Qxf5 Rd8 31. Bd5 Qf6 32. Qh5 Kf8 33. Rb1 Qg6 34. Qd1 e4 35. Rb7 e3 36. Rxf7+ Ke8 37. Qf3 exf2+ 38. Qxf2 Qb1+ 39. Kg2 Qb2 40. Bc6+ Rd7 41. Bxd7+ Kd8 42. Qxb2 Bxb2 43. Kf3 Be5 44. g4 Kc7 45. Ke4 Kb6 46. Kd5 Bg3 47. g5 hxg5 48. hxg5 Be5 49. g6 Kc7 50. g7 Bxg7 51. Rxg7 Kb6 52. Bc6 Ka5 53. Rb7 Ka6 54. Kc4 Ka5 55. Bb5 d5+ 56. Kc5 d4 57. Ra7# 1-0


[Site "https://www.chess.com"]